 Dungeon Crawl Stone Soup version 0.26-a0-837-g5a8a614f01 (webtiles) character file.

Game seed: 2943572991281784294

2392 1994 the Slicer (level 9, -2/52 HPs)
             Began as a Kobold Arcane Marksman on Nov 18, 2020.
             Was a Follower of Uskayaw.
             Slain by Pikel
             ... wielding a +2 whip of electrocution
              (10 damage)
             ... on level 7 of the Dungeon.
             The game lasted 00:26:54 (11845 turns).

1994 the Slicer (Kobold Arcane Marksman)           Turns: 11845, Time: 00:26:55

Health: -2/52      AC:  5    Str:  7    XL:     9   Next: 74%
Magic:  20/20      EV: 18    Int: 14    God:    Uskayaw [*.....]
Gold:   396        SH:  0    Dex: 19    Spells: 6/10 levels left

rFire    . . .     SeeInvis .   b - +0 dagger (venom)
rCold    . . .     Faith    .   (shield restricted)
rNeg     . . .     Spirit   .   E - +0 leather armour
rPois    .         Reflect  .   (no helmet)
rElec    .         Harm     .   u - scarf {+Inv}
rCorr    .         Rampage  .   G - +1 pair of gloves
MR       .....                  (no boots)
Stlth    ++++......             (no amulet)
HPRegen  0.17/turn              I - ring of magical power
MPRegen  0.17/turn              J - ring of wizardry

@: no status effects
A: small, nightstalker 3
a: Stomp, Renounce Religion, Evoke Invisibility


You were on level 7 of the Dungeon.
You worshipped Uskayaw.
Uskayaw was noncommittal.
You visited 2 branches of the dungeon, and saw 9 of its levels.

You collected 396 gold pieces.

Inventory:

Hand Weapons
 a - a +0 hand crossbow
 b - a +0 dagger of venom (weapon)
 w - a +1 rapier
 D - a +1 falchion of flaming
Missiles
 d - 102 bolts
 n - 2 boomerangs of dispersal
 A - 22 poisoned darts (quivered)
 K - 6 curare-tipped darts
Armour
 u - a scarf of invisibility (worn)
 x - a scarf of repulsion
 E - a +0 leather armour (worn)
 G - a +1 pair of gloves (worn)
Jewellery
 y - an uncursed ring of flight
 I - a ring of magical power (left hand)
 J - a ring of wizardry (right hand)
Wands
 o - a wand of flame (20)
 F - a wand of iceblast (7)
Scrolls
 c - a scroll of teleportation
 e - a scroll of amnesia {unknown}
 f - a scroll of fear {unknown}
 g - a scroll of magic mapping {unknown}
 i - a scroll of random uselessness {unknown}
 l - a scroll of blinking
 q - a scroll of remove curse
 r - a scroll of noise {unknown}
 v - 2 scrolls of fog
 H - a scroll of immolation {unknown}
Potions
 h - a potion of resistance
 j - a potion of attraction {unknown}
 k - 2 potions of might {unknown}
 m - 2 potions of haste
 p - a potion of curing
 s - 2 potions of brilliance
 t - 2 potions of lignification
 z - a potion of flight {unknown}
 B - a potion of invisibility
 C - 2 potions of cancellation {unknown}


   Skills:
 + Level 4.4 Fighting
 * Level 8.2 Short Blades
 * Level 8.0 Crossbows
 + Level 5.4 Dodging
 + Level 5.3 Stealth
 - Level 1.1 Spellcasting
 - Level 3.0 Hexes
 + Level 3.0 Invocations
 + Level 4.3 Evocations


You had 6 spell levels left.
You knew the following spells:

 Your Spells              Type           Power        Failure   Level
a - Corona                Hex            #......      4%          1
b - Portal Projectile     Hex/Tloc       #.....       26%         3

Your spell library contained the following spells:

 Spells                   Type           Power        Failure   Level
 Slow                     Hex            #.......     7%          2
 Ensorcelled Hibernation  Hex/Ice        #.....       13%         2
 Confusing Touch          Hex            #.......     14%         3
 Tukima's Dance           Hex            #.......     14%         3
 Dazzling Flash           Conj/Hex       #.....       26%         3
 Inner Flame              Hex/Fire       #.......     26%         3
 Cause Fear               Hex            #.........   41%         4
 Leda's Liquefaction      Hex/Erth       #.........   61%         4


Dungeon Overview and Level Annotations

Branches:
Dungeon (8/15)             Temple (1/1) D:4
   Lair: D:8-11

Altars:
Ashenzari
Cheibriados
Dithmenos
Elyvilon
Fedhas
Gozag
Kikubaaqudgha
Makhleb
Nemelex Xobeh
Okawaru
Qazlal
Ru
Sif Muna
Trog
Uskayaw
Vehumet
Wu Jian
Xom
Yredelemnul
Zin
The Shining One

Shops:
D:5 =

Annotations:
D:4 1 runed translucent door
D:7 Pikel
D:8 Psyche


Innate Abilities, Weirdness & Mutations

You are small and have problems with some larger weapons.
You are completely attuned to the shadows.


Message History

You closely miss the bullfrog.
The bullfrog is severely wounded.
The bullfrog hits you but does no damage.
Unknown command.
Unknown command.
The bullfrog completely misses you.
You hit the bullfrog but do no damage.
The bullfrog is almost dead.
The bullfrog closely misses you.
Unknown command.
The bullfrog hits you but does no damage.
You kill the bullfrog!
Your Invocations skill increases to level 3!
There is an open door here.
Pikel appears from thin air!
Reactivating autopickup.
Pikel hits you with a +2 whip of electrocution.
* * * LOW HITPOINT WARNING * * *
You are electrocuted!
You die...

.....#####.##.####+###....)......
.....#...............#...........
.....#...............+...........
.....#...............#†..........
##'###...............#...........
.....................#...........
....##>.##...###.#####...........
....##..##+#####.#.......####'#..
#'####.......#..@K....(..#....#..
.....#.......'...#.......'....'..
..^..#.......#...#....#####...#..
.....#.......#...#....#...##..#..
.....###########.#..##.....####..
...............#.#####.♣.♣..#####
#####..........'....'..._...'....
....'..........#....#..♣.♣..#+...
....#..........######......######


You could see Pikel.

Vanquished Creatures
  The ghost of ANON1729 the Slasher, a novice OpCK of Xom (D:6)
  A gargoyle (D:7)
  Eustachio (D:5)
  An orc warrior (D:7)
  A sky beast (D:7)
  2 phantoms (D:6)
  An ogre (D:5)
  3 centaurs
  A bullfrog (D:7)
  2 scorpions
  A water moccasin skeleton (D:4)
  A howler monkey (D:5)
  A bullfrog zombie (D:5)
  3 hounds
  A bullfrog skeleton (D:6)
  A centaur skeleton (D:7)
  3 orc wizards
  6 worker ants
  A hound skeleton (D:4)
  A worker ant zombie (D:5)
  11 adders
  3 white imps
  An ufetubus (D:5)
  An ooze (D:2)
  3 worms
  A dart slug (D:2)
  5 leopard geckos
  8 orcs
  A ball python (D:7)
  8 giant cockroaches
  11 goblins
  5 hobgoblins
  2 jackals (D:2)
  2 quokkas
  11 bats
  9 frilled lizards
  A jackal skeleton (D:5)
  5 kobolds
  6 rats
127 creatures vanquished.

Notes
Turn   | Place    | Note
-------+----------+-------------------------------------------
     0 | D:1      | 1994 the Kobold Arcane Marksman began the quest for the
                  | Orb.
     0 | D:1      | Reached XP level 1. HP: 12/12 MP: 2/2
   388 | D:1      | Reached skill level 1 in Short Blades
   388 | D:1      | Reached XP level 2. HP: 16/16 MP: 3/3
  1558 | D:1      | Reached XP level 3. HP: 18/20 MP: 4/4
  1590 | D:1      | Learned a level 3 spell: Portal Projectile
  1957 | D:2      | Found a radiant altar of Vehumet.
  1991 | D:2      | Reached XP level 4. HP: 23/25 MP: 5/5
  3724 | D:3      | Reached XP level 5. HP: 29/29 MP: 6/6
  4607 | D:4      | Found a staircase to the Ecumenical Temple.
  4613 | Temple   | Entered the Ecumenical Temple
  4722 | D:4      | Reached skill level 1 in Stealth
  5009 | D:4      | Reached XP level 6. HP: 35/35 MP: 7/7
  5424 | D:4      | Noticed an angel
  5444 | D:4      | Noticed a +0 hand axe
  5444 | D:4      | Noticed a +0 dagger
  5474 | D:4      | Found a hide-covered altar of Uskayaw.
  5479 | D:4      | Became a worshipper of Uskayaw the Reveller
  5493 | D:4      | Found a runed translucent door.
  5508 | D:4      | Found an ancient bone altar of Kikubaaqudgha.
  5509 | D:4      | Found a broken altar of Ashenzari.
  5514 | D:4      | Found a basalt altar of Yredelemnul.
  5537 | D:4      | Reached * piety under Uskayaw
  5756 | D:4      | Reached ** piety under Uskayaw
  5757 | D:4      | Reached skill level 5 in Crossbows
  6164 | D:5      | Entered Level 5 of the Dungeon
  6174 | D:5      | Found Nuj Jaso's Jewellery Shoppe.
  6174 | D:5      | Noticed an ogre
  6177 | D:5      | Killed an ogre
  6178 | D:5      | Reached skill level 1 in Evocations
  6287 | D:5      | Reached skill level 5 in Short Blades
  6287 | D:5      | Reached XP level 7. HP: 40/40 MP: 8/8
  6649 | D:5      | Reached *** piety under Uskayaw
  6816 | D:5      | Found a shimmering blue altar of Sif Muna.
  7241 | D:5      | Noticed Eustachio
  7251 | D:5      | Killed Eustachio
  7252 | D:5      | Reached XP level 8. HP: 32/45 MP: 9/9
  7368 | D:5      | HP: 2/45 [centaur (7)]
  8954 | D:6      | Reached skill level 1 in Invocations
  9102 | D:6      | Reached **** piety under Uskayaw
  9502 | D:6      | Found an iron altar of Okawaru.
  9802 | D:7      | Found a runed translucent gate.
  9807 | D:7      | Found a runed translucent gate.
  9808 | D:7      | Found a runed translucent gate.
  9816 | D:7      | Noticed ANON1729's ghost (novice OpCK)
  9816 | D:7      | Noticed a gargoyle
  9820 | D:7      | Reached XP level 9. HP: 51/51 MP: 10/10
 10845 | D:7      | Killed a gargoyle
 10846 | D:7      | Reached skill level 5 in Dodging
 10846 | D:7      | Reached skill level 5 in Stealth
 11053 | D:7      | Found a shimmering altar of Xom.
 11142 | D:7      | Found a shimmering altar of Xom.
 11146 | D:7      | Found a shimmering altar of Xom.
 11147 | D:7      | Found a shimmering altar of Xom.
 11151 | D:7      | Found a shimmering altar of Xom.
 11153 | D:7      | Found a shimmering altar of Xom.
 11168 | D:7      | Found a shimmering altar of Xom.
 11185 | D:7      | Found a shimmering altar of Xom.
 11432 | D:6      | Killed ANON1729's ghost
 11542 | D:8      | Noticed Psyche
 11799 | D:8      | Noticed Pikel
 11845 | D:7      | Slain by Pikel

Illustrated notes

Levels and vault maps discovered:
D:1:      dpeg_arrival_subterranean_lakeside_camping, layout_basic
D:2:      layout_basic, old_standard_altar, kennysheep_small_spiral,
          hangedman_decor_growths
D:3:      layout_loops_corners
D:4:      layout_cave_pods, dancing_weapons_uskayaw, grunt_temple_overflow_open,
          minmay_temple_entry_mist, serial_bayou_pond_e, lemuel_angel_altar
D:5:      layout_basic, kennysheep_mini_moat, serial_shops, nicolae_shop_trees,
          lemuel_another_geyser, uniq_eustachio
D:6:      layout_rooms, lemuel_coloured_pillars_altar
D:7:      layout_gridville, nicolae_xom_altar_mimics, gammafunk_ghost_split,
          kennysheep_small_circle
D:8:      wad_lake_hut, layout_loops_ring, lemuel_doored_altar, uniq_pikel,
          uniq_psyche
Temple:   nicolae_temple_god_jail

Skill      XL: |  1  2  3  4  5  6  7  8  9 |
---------------+----------------------------+-----
Short Blades   | 1 2 3 4 5 7 8 |  8.2
Crossbows      | 3 4 5 6 7 8 |  8.0
Stealth        | 1 2 3 4 5 |  5.3
Dodging        | 3 4 5 |  5.4
Fighting       | 2 3 4 |  4.4
Evocations     | 1 2 3 4 |  4.3
Invocations    | 1 3 |  3.0
Spellcasting   | |  1.1
Hexes          | |  3.0

Action                   |  1- 3 |  4- 6 |  7- 9 || total
-------------------------+-------+-------+-------++-------
Melee: Dagger            |   115 |     4 |    62 ||   181
       Short sword       |       |    51 |       ||    51
       Rapier            |       |   105 |   194 ||   299
 Fire: Hand crossbow     |    20 |    43 |    42 ||   105
Throw: Dart              |       |     1 |     6 ||     7
Invok: Stomp             |       |       |     7 ||     7
 Abil: Evoke Invisibilit |       |       |     3 ||     3
  Use: Scroll            |       |     5 |     7 ||    12
       Potion            |       |     1 |       ||     1
 Stab: Sleeping          |     5 |     9 |    12 ||    26
       Distracted        |       |     1 |       ||     1
       Paralysed         |       |       |     3 ||     3
       Invisible         |       |       |     4 ||     4
Armor: Robe              |    24 |    17 |     4 ||    45
       Leather armour    |       |       |    27 ||    27
Dodge: Dodged            |   108 |   113 |   213 ||   434

Table legend: (Time is in decaauts)
 A = Elapsed time spent in this place.
 B = Non-inter-level travel time spent in this place.
 C = Inter-level travel time spent in this place.
 D = Time resting spent in this place.
 E = Time spent auto-exploring this place.
 F = Levels seen in this place.
 G = Mean time per level.
                   A        B        C        D        E       F      G
               +--------+--------+--------+--------+--------+-----+--------+
         Total |  11751 |  11378 |    373 |   4727 |   4526 |   9 | 1305.7 |
       Dungeon |  11451 |  11084 |    367 |   4524 |   4447 |   8 | 1431.4 |
        Temple |    300 |    294 |      6 |    203 |     79 |   1 |  300.0 |
               +--------+--------+--------+--------+--------+-----+--------+

Top non-repeatable levels by time:
     D:5: 2186 daAuts
     D:6: 1732 daAuts
     D:7: 1647 daAuts
     D:1: 1643 daAuts
     D:2: 1592 daAuts
     D:3: 1329 daAuts
     D:4: 1275 daAuts
  Temple: 300 daAuts
     D:8: 44 daAuts
